 Dungeon Crawl Stone Soup version 0.17.1-3-g152610e (webtiles) character file.

208 TekkuMuffin the Ruffian (level 5, -3/33 HPs)
             Began as a Gargoyle Monk on Apr 22, 2016.
             Was a Believer of Vehumet.
             Slain by fakku's ghost (15 damage)
             ... on level 3 of the Dungeon.
             The game lasted 00:37:04 (3200 turns).

TekkuMuffin the Ruffian (Gargoyle Monk)             Turns: 3200, Time: 00:37:04

Health: -3/33      AC:  6    Str: 15    XL:     5   Next: 86%
Magic:  6/6        EV: 13    Int: 11    God:    Vehumet [**....]
Gold:   106        SH:  0    Dex: 12    Spells: 2 memorised, 3 levels left

rFire  . . .     SeeInvis .       - Unarmed
rCold  . . .     Clarity  .     f - +0 robe
rNeg   + . .     SustAt   .     (no shield)
rPois  ∞         Gourm    .     (no helmet)
rElec  +         Spirit   .     (no cloak)
rCorr  .         Warding  .     (no gloves)
rMut   .         Stasis   .     (no boots)
MR     .....                    (no amulet)
Stlth  ++........               (no ring)
                                (no ring)

@: not resistant to hostile enchantments, unstealthy
A: negative energy resistance 1, electricity resistance, unbreathing,
petrification resistance, rot immunity, AC +4
a: Renounce Religion


You were on level 3 of the Dungeon.
You worshipped Vehumet.
Vehumet was pleased with you.
You were not hungry.

You visited 1 branch of the dungeon, and saw 4 of its levels.

You collected 106 gold pieces.

Inventory:

Hand Weapons
 e - a +0 club
 h - a +2 club
 k - a cursed -1 club
 l - a cursed -2 dagger
 p - a +0 hunting sling
 q - a +0 spear
 y - a +0 dagger
 z - a +0 hunting sling
 F - a +1 dagger of speed
 G - a +0 flail
 H - a +0 mace
Missiles
 c - 76 stones
 g - 8 large rocks
 i - 21 sling bullets
 n - 24 bolts
 r - 8 javelins (quivered)
 u - 7 poisoned needles
 I - 2 tomahawks
 M - a javelin of returning
Armour
 a - a +0 robe
 b - a +0 ring mail
 f - a +0 robe (worn)
 j - a +0 centaur barding
 m - a +0 centaur barding
 o - a +0 ring mail
 s - a +0 leather armour
 t - a +0 ring mail
 w - a +0 robe
Jewellery
 d - an uncursed ring of magical power
Wands
 D - a wand of hasting (1)
Scrolls
 v - 3 scrolls of teleportation {unknown}
 C - a scroll of recharging {unknown}
 E - 3 scrolls of amnesia {unknown}
 J - a scroll of blinking {unknown}
 K - a scroll of magic mapping {unknown}
 L - a scroll of identify
Potions
 x - a potion of might
 A - 2 potions of agility
 N - a potion of lignification {unknown}
Books
 B - a book of Conjurations

   Spells                             Type                      Level
   a - Magic Dart                     Conjuration                  1
   b - Searing Ray                    Conjuration                  2
   c - Dazzling Spray                 Conjuration/Hexes            3
   d - Fulminant Prism                Conjuration/Hexes            4
   e - Iskenderun's Mystic Blast      Conjuration                  4
   f - Iskenderun's Battlesphere      Conjuration/Charms           5
Comestibles
 O - a beef jerky


   Skills:
 + Level 4.0 Fighting
 + Level 1.3 Throwing
 + Level 3.9 Dodging
 + Level 2.7 Stealth
 + Level 4.4 Unarmed Combat
 + Level 0.6 Spellcasting
 + Level 0.9 Conjurations
 + Level 0.2 Fire Magic


You had 3 spell levels left.
You knew the following spells:

 Your Spells              Type           Power        Failure   Level  Hunger
a - Magic Dart            Conj           #...         24%         1    ##.....
b - Flame Tongue          Conj/Fire      #....        30%         1    ##.....


Dungeon Overview and Level Annotations

Branches:
Dungeon (4/15)
 Temple: D:4-7

Altars:
Kikubaaqudgha
Makhleb
Vehumet
Xom

Shops:
D:4 !

Annotations:
D:3 fakku's ghost, amateur HOFi


Innate Abilities, Weirdness & Mutations

You are resistant to torment.
Your stone body is resilient (AC +4).
You are immune to poison.
You resist negative energy.
You are resistant to electric shocks.
You can survive without breathing.
You are immune to petrification.
You are immune to rotting.


Message History

There is a stone staircase leading up here.
You climb upwards.
Level annotation: fakku's ghost, amateur HOFi The bat misses you.
The orc barely misses you. Fakku's ghost barely misses you.
The bat barely misses you. The orc closely misses you.
The orc hits you but does no damage.
There is a stone staircase leading down here.
You hit the bat.
The bat is heavily wounded.
The bat barely misses you. The bat closely misses you. Fakku's ghost hits you!
The orc hits you but does no damage. The orc closely misses you.
You closely miss the bat.
The bat is heavily wounded.
The bat hits you but does no damage.
Fakku's ghost hits you but does no damage.
The orc hits you but does no damage. x2
You barely miss the bat.
The bat is heavily wounded.
The bat misses you. The bat closely misses you. Fakku's ghost hits you!
You die...

....# #....# #....#
#....# #....#
########....####
................
.######W#.........
......b@#.........
###.###oo.........
######'###o†.........
#.........._.........
#.
#.................###
.. #.................#
#.##.................#
..#.................#
#.#.......†[....#####


You could see fakku's ghost, 3 orcs and a bat.

Vanquished Creatures
  A vampire bat (D:3)
  2 orc priests (D:3)
  An adder (D:2)
  2 oozes
  2 worms
  2 giant geckos
  7 orcs (D:3)
  A ball python (D:1)
  A bat skeleton (D:3)
  A bat zombie (D:3)
  4 giant cockroaches
  9 hobgoblins
  6 jackals
  7 kobolds
  3 quokkas
  4 bats
  3 giant newts
  10 goblins
  14 rats
80 creatures vanquished.

Notes
Turn   | Place    | Note
--------------------------------------------------------------
     0 | D:1      | TekkuMuffin the Gargoyle Monk began the quest for the Orb.
     0 | D:1      | Reached XP level 1. HP: 14/14 MP: 1/1
   165 | D:1      | Reached XP level 2. HP: 8/19 MP: 2/2
   662 | D:1      | Reached XP level 3. HP: 21/24 MP: 3/3
  1146 | D:1      | You fall through a shaft!
  1421 | D:2      | Found a radiant altar of Vehumet.
  1466 | D:2      | Reached skill level 1 in Throwing
  1482 | D:2      | Became a worshipper of Vehumet
  1482 | D:2      | Reached * piety under Vehumet
  1482 | D:2      | Offered knowledge of Magic Dart by Vehumet.
  1482 | D:2      | Reached ** piety under Vehumet
  1487 | D:2      | Learned a level 1 spell: Magic Dart
  1519 | D:2      | Offered knowledge of Flame Tongue by Vehumet.
  1522 | D:2      | Learned a level 1 spell: Flame Tongue
  1754 | D:2      | Found a shimmering altar of Xom.
  1767 | D:2      | Reached XP level 4. HP: 18/29 MP: 4/4
  2416 | D:3      | Found an ancient bone altar of Kikubaaqudgha.
  2477 | D:3      | Reached XP level 5. HP: 7/33 MP: 2/5
  3087 | D:3      | Offered knowledge of Conjure Flame by Vehumet.
  3102 | D:3      | Found a burning altar of Makhleb.
  3178 | D:3      | Noticed fakku's ghost (amateur HOFi)
  3188 | D:4      | Found Giemebio's Distillery.
  3189 | D:4      | Noticed an ogre
  3200 | D:3      | Slain by fakku's ghost

Action                   |  1- 3 |  4- 6 || total
-------------------------+-------+-------++-------
Melee: Unarmed           |   108 |    45 ||   153
Throw: Javelin           |    34 |    25 ||    59
       Stone             |     7 |     7 ||    14
       Tomahawk          |       |     2 ||     2
 Cast: Flame Tongue      |     5 |    25 ||    30
       Magic Dart        |       |     2 ||     2
  Use: Potion            |     5 |       ||     5
       Scroll            |     4 |       ||     4
  Eat: Bread ration      |     1 |     1 ||     2
       Beef jerky        |       |     2 ||     2
